 Dungeon Crawl Stone Soup version 0.26.1-16-g4e020e15dc (webtiles) character file.

Game seed: 8241572134541567381

716 Colgate the Insei (level 7, 0/57 HPs)
             Began as a Merfolk Transmuter on Dec 31, 2023.
             Slain by a centaur
             ... wielding a cursed -3 shortbow
              (4 damage)
             ... on level 5 of the Dungeon.
             The game lasted 00:31:46 (6708 turns).

Colgate the Insei (Merfolk Transmuter)              Turns: 6708, Time: 00:31:46

Health: 0/57       AC:  5    Str: 13    XL:     7   Next: 69%
Magic:  8/10       EV: 11    Int: 12    God:
Gold:   220        SH:  0    Dex: 14    Spells: 0/10 levels left

rFire    x . .     SeeInvis .     - Unarmed
rCold    + + +     Faith    .   (shield currently unavailable)
rNeg     . . .     Spirit   .   (armour currently unavailable)
rPois    +         Reflect  .   (helmet currently unavailable)
rElec    .         Harm     .   (cloak currently unavailable)
rCorr    .         Rampage  .   (gloves currently unavailable)
Will     .....                  (boots currently unavailable)
Stlth    +.........             (no amulet)
HPRegen  0.19/turn              (no ring)
MPRegen  0.12/turn              (no ring)

@: ice-form (expiring)
A: large, (change form in water), (swift swim), (stealthy swim)
a: End Transformation


You were on level 5 of the Dungeon.
You were a creature of crystalline ice.
You visited 1 branch of the dungeon, and saw 5 of its levels.

You collected 220 gold pieces.

Inventory:

Armour
 a - a +1 robe (melded)
 b - a +1 pair of boots (melded)
 l - a scarf of harm (melded)
Scrolls
 c - a scroll of fog
 e - 2 scrolls of enchant weapon
 f - 4 scrolls of remove curse {@r2}
 g - a scroll of teleportation {@r3}
 h - 2 scrolls of amnesia
 i - a scroll of blinking {@r4}
Potions
 d - 2 potions of might {@q3}
 k - a potion of flight {unknown}


   Skills:
 + Level 1.1 Fighting
 - Level 2.6 Dodging
 - Level 7.0 Unarmed Combat
 - Level 2.0 Spellcasting
 - Level 7.0 Transmutations
 - Level 3.2 Ice Magic


You couldn't memorise any spells.
You knew the following spells:

 Your Spells              Type           Power        Failure   Level
a - Beastly Appendage     Tmut           36%          1%          1
b - Wereblood             Tmut           18%          2%          2
c - Spider Form           Tmut/Pois      4%           19%         3
d - Ice Form              Ice/Tmut       13%          32%         4

Your spell library contained the following spells:

 Spells                   Type           Power        Failure   Level
 Blade Hands              Tmut           9%           38%         5


Dungeon Overview and Level Annotations

Branches:
Dungeon (5/15)
 Temple: D:4-7

Altars:

Annotations:
D:2 Sigmund
D:5 Pikel


Message History

* * * LOW HITPOINT WARNING * * *
You punch the ice beast!
You kill the ice beast!
The white imp puffs mist at you. The white imp gestures at you.
The puff of frost misses you.
The centaur wields a cursed -3 shortbow.
The centaur shoots an arrow.
The arrow barely misses you.
Your Ice Magic skill gained 2 levels and is now at level 3!
A centaur comes into view.
The centaur wields a +0 shortbow.
The centaur shoots an arrow.
The arrow hits you!
* * * LOW HITPOINT WARNING * * *
The centaur closely misses you.
You hear a shout!
You see here an arrow.
You barely miss the centaur.
The hound barks!
The centaur hits you with a cursed -3 shortbow.
You die...

.......# #.# ..##
##.....########.###.....
........................
##...#.####.............
##.##.# #.###.#.....##
#. #.# #.# #.#...h... ..
#.# #.# #.#..##### ###
#.# #.> #.#c.##### #.#
### #.Y5......
#.......(..#..####.
#####.###..... #. .c####
# ... ..## ... #.# ...
#.#


You could see 2 centaurs, a hound and a white imp.

Vanquished Creatures
  An ice beast (D:5)
  A centaur (D:4)
  4 lemures (D:5)
  2 scorpions
  A howler monkey (D:5)
  2 hounds
  An orc priest (D:4)
  3 orc wizards
  A bullfrog skeleton (D:4)
  3 worker ants (D:4)
  A hound skeleton (D:4)
  2 adders
  An ooze (D:3)
  2 worms (D:2)
  3 leopard geckos
  10 orcs
  5 giant cockroaches
  8 goblins
  5 hobgoblins
  18 jackals
  13 bats
  2 frilled lizards (D:1)
  8 kobolds
  A leopard gecko skeleton (D:4)
  5 rats
103 creatures vanquished.

Vanquished Creatures (others)
  A plant (D:3)
1 creature vanquished.

Grand Total: 104 creatures vanquished

Notes
Turn   | Place    | Note
-------+----------+-------------------------------------------
     0 | D:1      | Colgate the Merfolk Transmuter began the quest for the Orb.
     0 | D:1      | Reached XP level 1. HP: 15/15 MP: 3/3
   309 | D:1      | Reached XP level 2. HP: 21/21 MP: 3/5
   444 | D:1      | Learned a level 2 spell: Wereblood
   905 | D:1      | Reached XP level 3. HP: 26/26 MP: 4/6
  1496 | D:2      | Learned a level 3 spell: Spider Form
  1704 | D:2      | Noticed Sigmund
  2230 | D:2      | Reached XP level 4. HP: 32/32 MP: 1/7
  2383 | D:2      | Reached skill level 5 in Transmutations
  3133 | D:3      | Reached skill level 5 in Unarmed Combat
  3133 | D:3      | Reached XP level 5. HP: 9/37 MP: 1/8
  3996 | D:3      | Found a faded altar of an unknown god.
  4429 | D:4      | Noticed a centaur
  4437 | D:4      | Killed a centaur
  4438 | D:4      | Reached XP level 6. HP: 11/43 MP: 3/9
  5303 | D:4      | Reached XP level 7. HP: 38/48 MP: 3/10
  5689 | D:4      | Learned a level 4 spell: Ice Form
  6310 | D:5      | Entered Level 5 of the Dungeon
  6596 | D:5      | Reached skill level 1 in Ice Magic
  6674 | D:5      | Noticed Pikel
  6708 | D:5      | Slain by a centaur

Illustrated notes

Levels and vault maps discovered:
D:1:      ebering_trefoil_3fold, layout_loops_ring
D:2:      layout_basic, minmay_misc_feat_enclosed, uniq_sigmund
D:3:      layout_loops_ring, chequers_ecumenical_altar_lobes
D:4:      layout_loops_ring
D:5:      layout_loops_ring, chequers_temple_overflow_minitemple,
          uniq_eustachio, uniq_blork_the_orc, uniq_pikel

Skill      XL: |  1  2  3  4  5  6  7 |
---------------+----------------------+-----
Unarmed Combat | 4 5 6 7 |  7.0
Transmutations | 3 4 5 6 7 |  7.0
Ice Magic      | 3 |  3.2
Fighting       | |  1.1
Dodging        | |  2.6
Spellcasting   | |  2.0

Action                   |  1- 3 |  4- 6 |  7- 9 || total
-------------------------+-------+-------+-------++-------
Melee: Unarmed           |   109 |   121 |    59 ||   289
       Headbutt          |    12 |       |       ||    12
       Punch             |       |     2 |       ||     2
 Cast: Beastly Appendage |    21 |     2 |       ||    23
       Wereblood         |     6 |     6 |     3 ||    15
       Spider Form       |     9 |    27 |     4 ||    40
       Ice Form          |       |       |     9 ||     9
  Use: Scroll            |       |     6 |     3 ||     9
       Potion            |       |     5 |       ||     5
 Stab: Sleeping          |     1 |     1 |       ||     2
Armor: Robe              |    15 |     1 |       ||    16
       Skin              |     3 |     4 |     9 ||    16
Dodge: Dodged            |    86 |    85 |    35 ||   206
